 Dungeon Crawl Stone Soup version 0.28-a0-46-g7b1be97 (webtiles) character file.

Game seed: 3568959955020412274

346 Illumine the Magician (level 6, -12/35 HPs)
             Began as a Deep Elf Air Elementalist on July 29, 2021.
             Was an Initiate of Sif Muna.
             Killed from afar by a goblin (23 damage)
             ... with a bolt of acid
             ... on level 4 of the Dungeon.
             The game lasted 00:06:35 (4314 turns).

Illumine the Magician (Deep Elf Air Elementalist)   Turns: 4314, Time: 00:06:35

Health: -12/35     AC:  1    Str:  5    XL:     6   Next: 32%
Magic:  14/15      EV: 13    Int: 22    God:    Sif Muna [......]
Gold:   204        SH:  5    Dex: 15    Spells: 8/14 levels left

rFire   . . .      SeeInvis .   t - +0 fustibalus
rCold   . . .      Faith    .   (no shield)
rNeg    . . .      Spirit   .   a - +0 robe
rPois   .          Reflect  +   p - +1 hat
rElec   .          Harm     .   (no cloak)
rCorr   .          Rampage  .   (no gloves)
Will    .....                   o - +1 pair of boots {Fly}
Stlth   ++........              v - amulet of reflection
HPRegen 0.11/turn               (no ring)
MPRegen 0.14/turn               (no ring)

@: corroded, flying, very slightly contaminated
A: no striking features
a: Renounce Religion


You were on level 4 of the Dungeon.
You worshipped Sif Muna.
Sif Muna was noncommittal.
You visited 1 branch of the dungeon, and saw 4 of its levels.

You collected 204 gold pieces.

Inventory:

Hand Weapons
 c - a +2 hunting sling of freezing
 t - a +0 fustibalus (weapon)
Missiles
 d - 138 stones
 i - 23 poisoned darts
 s - 17 sling bullets (quivered ammo)
Armour
 a - a +0 robe (worn)
 o - a +1 pair of boots of flying (worn)
 p - a +1 hat (worn)
Magical Staves
 r - a staff of cold
Jewellery
 v - an amulet of reflection (around neck)
Wands
 q - a wand of flame (15)
Scrolls
 f - a scroll of magic mapping {unknown}
 j - 2 scrolls of noise {unknown}
 m - a scroll of blinking {unknown}
 n - 2 scrolls of vulnerability {unknown}
Potions
 b - 2 potions of degeneration {unknown}
 e - 2 potions of berserk rage {unknown}
 g - a potion of ambrosia {unknown}
 h - 2 potions of lignification {unknown}
 k - a potion of cancellation {unknown}
 l - 2 potions of curing {unknown}
 u - a potion of brilliance {unknown}


   Skills:
 + Level 2.2 Fighting
 + Level 3.3 Dodging
 - Level 2.4 Stealth
 + Level 4.9 Spellcasting
 + Level 3.5 Conjurations
 + Level 4.2 Air Magic


You had 8 spell levels left.
You knew the following spells:

 Your Spells              Type           Power      Damage    Failure   Level
a - Shock                 Conj/Air       88%        1d8       1%          1
b - Static Discharge      Conj/Air       22%        N/A       3%          2
c - Swiftness             Air            24%        N/A       5%          3

Your spell library contained the following spells:

 Spells                   Type           Power      Damage    Failure   Level
 Sting                    Tmut/Pois      20%        1d4       11%         1
 Airstrike                Air            12%        N/A       17%         4
 Olgreb's Toxic Radiance  Pois           5%         N/A       71%         4
 Ozocubu's Refrigeration  Ice            2%         4d5       100%        7
 Ignition                 Fire           2%         3d3       100%        8


Dungeon Overview and Level Annotations

Branches:
Dungeon (4/15)
 Temple: D:4-7

Altars:
Cheibriados
Dithmenos
Sif Muna
Xom

Shops:
D:1 (   D:3 *


Message History

You start resting.
Magic restored.
Things that are here:
a +0 giant spiked club; an ogre corpse
Found a fustibalus.
Found a war axe.
Found a short sword.
There is an open door here.
b - 2 fuming black potions (gained 1)
You now have 183 gold pieces (gained 8).
You see here a +0 fustibalus.
t - a +0 fustibalus Your +2 hunting sling of freezing stops glowing.
t - a +0 fustibalus (weapon)
u - a white potion You see here a +0 short sword.
v - an amulet of reflection You start putting on your amulet.
You continue putting on your amulet of reflection. x5
You finish putting on your amulet of reflection.
You feel a shielding aura gather around you.
v - an amulet of reflection (around neck)
You now have 204 gold pieces (gained 21).
You see here a +0 war axe.
l - 2 sapphire potions (gained 1)
There is an open door here.
There is an open door here.
There is an open door here.
The goblin shouts!
The goblin zaps a wand.
The bolt of acid hits you! The acid corrodes you!
You are splashed with acid!
Casting: Shock (safe; 1% risk of failure)
Confirm with . or Enter, or press ? or * to list all spells.
Aiming: Shock (safe; 1% risk of failure)
Press: ? - help, Shift-Dir - straight line You miscast Shock.
You are very lightly contaminated with residual magic.
Nothing appears to happen.
The goblin zaps a wand.
The bolt of acid hits you!!
Ouch! That really hurt!
You die...

### ##.....##...#†...).##.....
..######.......#...##.l...##.###.
#.....##.......'...##......#.# #.
#####..#.......#...####......# #.
##.##.....##...# ######### ##
#)###...###...###...## #
#.####### #...##.....## .
#......####...#......)#
###..).g.##@..'.......#
##.....##...#.......#
#......#...##.....##
###....g...###..)## ##########
#####


You could see a goblin.

Vanquished Creatures
  An ogre (D:4)
  A hound (D:4)
  2 iguanas (D:4)
  2 orc wizards (D:4)
  A gnoll (D:2)
  6 adders
  A worm (D:3)
  An orc (D:4)
  2 bats
  10 endoplasms
  3 giant cockroaches
  6 goblins
  4 hobgoblins
  5 jackals
  11 kobolds
  3 quokkas (D:1)
  3 ball pythons
  4 frilled lizards
  2 quokka skeletons (D:4)
  6 rats
74 creatures vanquished.

Vanquished Creatures (others)
  5 plants (D:3)
5 creatures vanquished.

Grand Total: 79 creatures vanquished

Notes
Turn   | Place    | Note
-------+----------+-------------------------------------------
     0 | D:1      | Illumine the Deep Elf Air Elementalist began the quest for
                  | the Orb.
     0 | D:1      | Reached XP level 1. HP: 10/10 MP: 6/6
   408 | D:1      | Reached XP level 2. HP: 15/15 MP: 4/8
   480 | D:1      | Found Udaene's Weapon Shop.
   651 | D:1      | Learned a level 2 spell: Static Discharge
  1293 | D:2      | Reached XP level 3. HP: 20/20 MP: 7/9
  1652 | D:2      | Reached skill level 1 in Fighting
  1670 | D:2      | Reached XP level 4. HP: 25/25 MP: 1/11
  2267 | D:3      | Found a shimmering altar of Xom.
  2429 | D:3      | Found a faded altar of an unknown god.
  2687 | D:3      | Found a shadowy altar of Dithmenos.
  2692 | D:3      | Learned a level 3 spell: Swiftness
  2695 | D:3      | Found a snail-covered altar of Cheibriados.
  2799 | D:3      | Found Fuifouma's Assorted Antiques.
  3614 | D:4      | Found a shimmering blue altar of Sif Muna.
  3629 | D:4      | Reached XP level 5. HP: 15/29 MP: 7/13
  3792 | D:4      | Became a worshipper of Sif Muna the Loreminder
  3842 | D:4      | Got Sif Muna's Collected Works on Transmigration
  4196 | D:4      | Noticed an ogre
  4205 | D:4      | Killed an ogre
  4206 | D:4      | Reached XP level 6. HP: 35/35 MP: 10/15
  4314 | D:4      | Killed from afar by a goblin

Illustrated notes

Levels and vault maps discovered:
D:1:      dpeg_arrival_boxes_within_box, layout_loops_ring, serial_shops,
          shop_statue
D:2:      layout_loops_ring, minmay_pentomino_q4
D:3:      layout_loops_corners, mainiacjoe_overflow_small_starburst, minitemple,
          serial_rivers, chequers_serial_rivers_small_3,
          chequers_serial_rivers_small_a, chequers_serial_rivers_marsh,
          chequers_serial_rivers_micro_b, chequers_serial_rivers_large_a,
          chequers_serial_rivers_small_3, shapermc_ecumenical_altar_gd,
          serial_shops, nicolae_shop_temple_entry_statues_fountains,
          lexackson_kobold_supper
D:4:      minmay_opposing_rooms, layout_rooms, led_sif_book

Skill      XL: |  1  2  3  4  5 |
---------------+----------------+-----
Dodging        | 3 |  3.3
Conjurations   | 2 3 |  3.5
Fighting       | 1 2 |  2.2
Spellcasting   | 4 |  4.9
Air Magic      | 4 |  4.2
Stealth        | |  2.4

Action                   |  1- 3 |  4- 6 || total
-------------------------+-------+-------++-------
 Fire: Hunting sling     |     3 |     3 ||     6
 Cast: Shock             |    69 |    82 ||   151
Armor: Robe              |     3 |     2 ||     5
Dodge: Dodged            |    12 |     5 ||    17

Table legend: (Time is in decaauts)
 A = Elapsed time spent in this place.
 B = Non-inter-level travel time spent in this place.
 C = Inter-level travel time spent in this place.
 D = Time resting spent in this place.
 E = Time spent auto-exploring this place.
 F = Levels seen in this place.
 G = Mean time per level.
                   A        B        C        D        E       F      G
               +--------+--------+--------+--------+--------+-----+--------+
         Total |   4327 |   4244 |     83 |    807 |   2909 |   4 | 1081.8 |
       Dungeon |   4327 |   4244 |     83 |    807 |   2909 |   4 | 1081.8 |
               +--------+--------+--------+--------+--------+-----+--------+

Top non-repeatable levels by time:
     D:3: 1254 daAuts
     D:2: 1124 daAuts
     D:1: 1067 daAuts
     D:4: 881 daAuts
